cohdb
Replays
Latest Replays
All Replays
Popular Replays
Top Player Replays
Match Explorer
How It Works
Community
CoH3 Stats
Reddit
Sign in to upload your games and track your stats! →
Sign in with Steam
Match 43799826
Unlisted
Match 43799826
Overview
Messages
Build Orders
End
Construct Barracks
Selects Advanced Infantry Battlegroup
Riflemen Squad
Riflemen Squad
Grenade Package
Riflemen Squad
Construct Medical Station
Infantry Support Center
Selects Convert to Ranger Squad
Convert to Ranger Squad
Construct Weapon Support Center
Bazooka Squad
Selects Frontline Medical Station
Frontline Medical Station
M1918 Browning Automatic Rifles
M3 Armored Personnel Carrier
Selects Ranger Weapon Training
Bazooka Squad
Engineer Squad
Selects Artillery Observers
Fupped
Michael Bolton
admiral_gnar
Sader
Golden
wheeeman25
0
0
Comments
sign in to comment!
No comments posted yet!